 Dungeon Crawl Stone Soup version 0.19-a0-1932-g59670f6 (webtiles) character file.

91 Twiddle the Chopper (level 4, 39/39 HPs)
             Began as a Hill Orc Fighter on Oct 26, 2016.
             Was an Initiate of Dithmenos.
             Quit the game on level 4 of the Dungeon.
             The game lasted 00:04:26 (2252 turns).

Twiddle the Chopper (Hill Orc Fighter)              Turns: 2252, Time: 00:04:27

Health: 39/39      AC:  5    Str: 19    XL:     4   Next: 59%
Magic:  4/4        EV:  8    Int:  8    God:    Dithmenos [......]
Gold:   87         SH:  9    Dex: 10    Spells: 0 memorised, 3 levels left

rFire  . . .     SeeInvis .     a - +0 war axe
rCold  . . .     Gourm    .     q - +0 ring mail (curse)
rNeg   . . .     Faith    .     c - +0 shield
rPois  .         Spirit   .     (no helmet)
rElec  .         Reflect  .     (no cloak)
rCorr  .         Harm     .     (no gloves)
MR     .....                    (no boots)
Stlth  ..........               (no amulet)
                                (no ring)
                                (no ring)

@: no status effects
A: no striking features
a: Renounce Religion


You were on level 4 of the Dungeon.
You worshipped Dithmenos.
Dithmenos was noncommittal.
You were very hungry.

You visited 1 branch of the dungeon, and saw 4 of its levels.

You collected 87 gold pieces.

Inventory:

Hand Weapons
 a - a +0 war axe (weapon)
Armour
 b - a +0 scale mail
 c - a +0 shield (worn)
 q - a cursed +0 ring mail (worn)
Scrolls
 e - 2 scrolls of teleportation (quivered) {unknown}
 k - 2 scrolls of identify {unknown}
 l - a scroll of fear {unknown}
 m - a scroll of amnesia {unknown}
 n - a scroll of remove curse {unknown}
 o - a scroll of blinking {unknown}
Potions
 d - a potion of might
 h - a potion of haste {unknown}
 j - a potion of flight {unknown}
 p - a potion of mutation {unknown}
Comestibles
 f - 2 bread rations
 g - 2 meat rations
 i - 2 beef jerkies


   Skills:
 - Level 3.6 Fighting
 + Level 6.2 Axes
 - Level 3.2 Armour
 - Level 3.2 Shields


You had 3 spell levels left.
You didn't know any spells.

Dungeon Overview and Level Annotations

Branches:
Dungeon (4/15)
 Temple: D:4-7

Altars:
Ashenzari
Dithmenos
Kikubaaqudgha
Ru
Zin

Annotations:
D:3 Grinder


Message History

q - a glowing ring mail Wield which item (- for none, * to show all)? (? for menu, Esc to quit)
Okay, then.
Wear which item? (? for menu, Esc to quit)
You start removing your armour.
You continue taking off your +0 scale mail. x4
You finish taking off your +0 scale mail.
You start putting on your armour.
You continue putting on your glowing ring mail. x5
You finish putting on your cursed +0 ring mail.
Oops, that feels deathly cold.
Quiver which item? (- for none, * to show all) (? for menu, Esc to quit)
You don't have any such object.
Quiver which item? (- for none, * to show all) (? for menu, Esc to quit)
Quivering
e - 2 scrolls labeled UVOIFU ZONT for throwing.
Unknown command.
Unknown command.
Unknown command.
Unknown command.
Are you sure you want to abandon this character and quit the game? (Confirm with "yes".)

#......###..........
#.......##..........
#.####..##.>..[..#
####.#..............#
.......##..##.......#
####.####..##.......#
#.......##.......##.#
#......####.#.......#
######## #..@<..####
#.#.......# ###
#.#.##.##.# ..# #.#.#
.# . #.# ..#.# . #.#
#.#.# ## ..# ... ###
#..


There were no monsters in sight!

Vanquished Creatures
  2 gnolls (D:1)
  4 adders
  A leopard gecko (D:4)
  An orc (D:3)
  5 bats
  2 giant cockroaches (D:1)
  4 goblins
  5 hobgoblins
  A quokka (D:2)
  A ball python (D:2)
  2 frilled lizards (D:1)
  2 kobolds
  5 rats
35 creatures vanquished.

Notes
Turn   | Place    | Note
-------+----------+-------------------------------------------
     0 | D:1      | Twiddle the Hill Orc Fighter began the quest for the Orb.
     0 | D:1      | Reached XP level 1. HP: 19/19 MP: 1/1
    61 | D:1      | Reached skill level 3 in Axes
   213 | D:1      | Reached XP level 2. HP: 26/26 MP: 2/2
   509 | D:2      | Reached skill level 4 in Axes
   576 | D:2      | Found a sacrificial altar of Ru.
   657 | D:2      | Found a shadowy altar of Dithmenos.
   665 | D:2      | Became a worshipper of Dithmenos the Shadowed
   714 | D:2      | Reached XP level 3. HP: 23/31 MP: 3/3
  1024 | D:2      | Reached skill level 5 in Axes
  1127 | D:2      | Found a glowing silver altar of Zin.
  1187 | D:3      | Noticed Grinder
  1486 | D:1      | Reached XP level 4. HP: 5/39 MP: 4/4
  1912 | D:3      | Found a shattered altar of Ashenzari.
  2090 | D:3      | Reached skill level 6 in Axes
  2168 | D:3      | Found an ancient bone altar of Kikubaaqudgha.
  2252 | D:4      | Quit the game

Vault maps used:
D:1:      dpeg_arrival_rooms_b
D:2:      zin_statuary, nicolae_dithmenos_through_a_glass_darkly, first_bread,
          nicolae_ru_sacrificial_ziggurat
D:3:      marbit_many_paths, nicolae_overflow_crystal_walls,
          lemuel_doored_altar, serial_forest, infiniplex_forest_zigzag_1,
          infiniplex_forest_fountain, infiniplex_forest_zigzag_1,
          infiniplex_forest_lined_2, infiniplex_forest_side_room,
          infiniplex_forest_lined_room_2, infiniplex_forest_clump_tiny,
          infiniplex_forest_straight_5, uniq_jessica, uniq_grinder
D:4:      enter_ossuary_2

Skill      XL: |  1  2  3  4 |
---------------+-------------+-----
Axes           | 3 4 5 6 |  6.2
Fighting       | |  3.6
Armour         | |  3.2
Shields        | |  3.2

Action                   |  1- 3 |  4- 6 || total
-------------------------+-------+-------++-------
Melee: War axe           |   106 |    39 ||   145
  Eat: Chunk             |       |     3 ||     3
Armor: Scale mail        |    55 |    19 ||    74
Dodge: Dodged            |    29 |    20 ||    49
Block: Shield            |    56 |    31 ||    87
